[Event "Titled Tuesday Blitz May 23 Early 2023"]
[White "Herzog2012"]
[Black "Ioannidis, Evgenios"]
[BlackFideId "4229274"]
[WhiteElo "2373"]
[BlackElo "2386"]
[Result "0-1"]
[Round "08"]
[TimeControl "180+2"]
[Date "2023.05.23"]
[WhiteClock "0:00:00"]
[BlackClock "0:01:32"]

1. e4 e5 2. Nc3 Nc6 3. g3 Bc5 4. Bg2 d6 5. Nge2 Nge7 6. Na4 Bb6 7. Nxb6 axb6 8. d4 Bg4 9. f3 Bd7 10. d5 Nb8 11. O-O O-O 12. g4 Bb5 13. b3 Bxe2 14. Qxe2 Nd7 15. c4 Ng6 16. Be3 Nf4 17. Qd2 Qf6 18. Qf2 g5 19. Rfd1 Kg7 20. Kf1 Rh8 21. Qg3 h5 22. h3 hxg4 23. hxg4 Nc5 24. Bxf4 exf4 25. Qe1 Ra3 26. b4 Nd3 27. Qd2 Qd4 28. Rac1 Rha8 29. Rc2 Qe3 30. b5 Qxd2 31. Rcxd2 Ne5 32. Ke2 Nxc4 33. Rc2 Ne3 34. Rxc7 Rxa2+ 35. Rd2 Rxd2+ 36. Kxd2 Ra2+ 37. Kc3 Rc2+ 0-1


[Site "https://www.chess.com"]

[Event "Titled Tuesday Blitz May 23 Early 2023"]
[White "Rios Escobar, Adan"]
[Black "Camilla_Lee"]
[WhiteFideId "3403645"]
[WhiteElo "2456"]
[BlackElo "2669"]
[Result "0-1"]
[Round "08"]
[TimeControl "180+2"]
[Date "2023.05.23"]
[WhiteClock "0:01:26"]
[BlackClock "0:01:54"]

1. d4 Nf6 2. g3 g6 3. Bg2 d5 4. Nf3 Bg7 5. c4 c6 6. cxd5 cxd5 7. Nc3 Nc6 8. Ne5 O-O 9. O-O e6 10. Bg5 h6 11. Bf4 Nd7 12. Qd2 Ndxe5 13. Bxe5 Nxe5 14. dxe5 Bxe5 15. Qxh6 Bd7 16. e4 d4 17. Ne2 Bb5 18. Bf3 d3 19. Nc3 Bc4 20. Rfd1 Qf6 21. Rac1 Qxf3 0-1


[Site "https://www.chess.com"]

[Event "Titled Tuesday Blitz May 23 Early 2023"]
[White "Hua, Lefong"]
[Black "Rottenwohrer Suarez, Juan"]
[WhiteFideId "2602253"]
[BlackFideId "32068182"]
[WhiteElo "2626"]
[BlackElo "2174"]
[Result "1-0"]
[Round "08"]
[TimeControl "180+2"]
[Date "2023.05.23"]
[WhiteClock "0:00:51"]
[BlackClock "0:00:00"]

1. d4 Nf6 2. c4 g6 3. Nc3 Bg7 4. e4 d6 5. f4 O-O 6. Nf3 c5 7. d5 e6 8. Be2 exd5 9. cxd5 Re8 10. Nd2 Na6 11. O-O Nc7 12. a4 b6 13. Bf3 Ba6 14. Re1 b5 15. axb5 Bxb5 16. Nxb5 Nxb5 17. Nc4 Nd4 18. Ra6 Bf8 19. Be3 Nxf3+ 20. gxf3 Nh5 21. Qd2 Qc7 22. Rea1 Red8 23. Qa5 Qe7 24. Qd2 Qh4 25. Qf2 Qf6 26. f5 gxf5 27. e5 Qg6+ 28. Kh1 Kh8 29. f4 Ng7 30. Bxc5 Qh5 31. Bxd6 Bxd6 32. Nxd6 Rab8 33. Rxa7 Rf8 34. Nc4 Rb3 35. Ne3 Qh4 36. Qxh4 1-0


[Site "https://www.chess.com"]

[Event "Titled Tuesday Blitz May 23 Early 2023"]
[White "Kielinkei"]
[Black "Nikologorskiy, Konstantin"]
[BlackFideId "24111708"]
[WhiteElo "2447"]
[BlackElo "2273"]
[Result "0-1"]
[Round "08"]
[TimeControl "180+2"]
[Date "2023.05.23"]
[WhiteClock "0:00:08"]
[BlackClock "0:02:01"]

1. d4 Nf6 2. c4 e6 3. g3 Be7 4. Bg2 O-O 5. Nf3 d5 6. O-O dxc4 7. Qc2 a6 8. a4 Bd7 9. Qxc4 Bc6 10. Bf4 Bd5 11. Qc2 Be4 12. Qc1 Nc6 13. Nbd2 Bd5 14. Qc2 Nb4 15. Qd1 Rc8 16. Rc1 c5 17. dxc5 Rxc5 18. Nb3 Rxc1 19. Nxc1 Qb6 20. Be3 Bc5 21. Bxc5 Qxc5 22. Nd3 Nxd3 23. Qxd3 Rc8 24. Nd2 Bxg2 25. Kxg2 Qc6+ 26. Qf3 Kf8 27. Qxc6 Rxc6 28. Rd1 Rc2 29. b3 Nd5 30. Kf3 Nc3 31. Re1 Rxd2 32. Rc1 Nd5 33. e4 Nf6 34. Rc7 Rd3+ 35. Ke2 Rxb3 36. e5 Nd5 37. Rc8+ Ke7 38. Rh8 h6 39. f4 g6 40. h4 b5 41. axb5 axb5 42. Rxh6 Rxg3 43. h5 gxh5 44. Rxh5 Nxf4+ 45. Kf2 Nxh5 0-1


[Site "https://www.chess.com"]

[Event "Titled Tuesday Blitz May 23 Early 2023"]
[White "Ramirez Vido, Robert Yorisan"]
[Black "Danielyan, Vahe"]
[WhiteFideId "3513823"]
[BlackFideId "13304828"]
[WhiteElo "2446"]
[BlackElo "2423"]
[Result "0-1"]
[Round "08"]
[TimeControl "180+2"]
[Date "2023.05.23"]
[WhiteClock "0:00:00"]
[BlackClock "0:01:55"]

1. e4 e6 2. d3 d5 3. Nd2 c5 4. Ngf3 Nc6 5. g3 Nf6 6. Bg2 g6 7. O-O Bg7 8. Re1 O-O 9. exd5 exd5 10. Nb3 b6 11. d4 c4 12. Nbd2 Bf5 13. c3 Re8 14. Ne5 Nxe5 15. dxe5 Ng4 16. f4 d4 17. Nxc4 Qc7 18. Nd6 dxc3 19. Bf3 Qc5+ 20. Be3 Nxe3 21. Rxe3 Qxe3+ 22. Kg2 cxb2 23. Rb1 Bxb1 24. Qxb1 Qc1 25. Be4 Qxb1 0-1


[Site "https://www.chess.com"]

[Event "Titled Tuesday Blitz May 23 Early 2023"]
[White "Vestby-Ellingsen, Mads"]
[Black "Manukian, Artak"]
[WhiteFideId "1520857"]
[BlackFideId "13301373"]
[WhiteElo "2244"]
[BlackElo "2130"]
[Result "0-1"]
[Round "08"]
[TimeControl "180+2"]
[Date "2023.05.23"]
[WhiteClock "0:00:15"]
[BlackClock "0:00:19"]

1. d4 d5 2. c4 dxc4 3. Nf3 Nf6 4. e3 e6 5. Bxc4 c5 6. O-O a6 7. b3 Nc6 8. Bb2 b5 9. Be2 Bb7 10. Nbd2 cxd4 11. Nxd4 Nxd4 12. Bxd4 Be7 13. a4 bxa4 14. Rxa4 O-O 15. Qa1 a5 16. Nc4 Bb4 17. Bb6 Qc8 18. Bxa5 Bxa5 19. Rxa5 Rxa5 20. Nxa5 Bd5 21. b4 Qa8 22. f3 Rb8 23. b5 Qa7 24. Kf2 Ra8 25. Rc1 h5 26. Nb3 Qb8 27. Qb2 Qxh2 28. b6 h4 29. e4 h3 30. exd5 Qxg2+ 31. Ke3 Nxd5+ 32. Kd4 Qf2+ 33. Ke5 Qe3+ 34. Kd6 Rd8+ 35. Kc6 Qxb6# 0-1


[Site "https://www.chess.com"]

[Event "Titled Tuesday Blitz May 23 Early 2023"]
[White "Shuvalov, Evgenij"]
[Black "Mazurkiewicz, Michal"]
[WhiteFideId "4187237"]
[BlackFideId "1124943"]
[WhiteElo "2080"]
[BlackElo "2054"]
[Result "1-0"]
[Round "08"]
[TimeControl "180+2"]
[Date "2023.05.23"]
[WhiteClock "0:00:13"]
[BlackClock "0:00:07"]

1. d4 Nf6 2. c4 e5 3. dxe5 Ng4 4. e3 Nxe5 5. f4 Nec6 6. Nc3 Bb4 7. Bd2 O-O 8. Bd3 g6 9. h4 h5 10. g4 hxg4 11. Qxg4 d5 12. Qg2 d4 13. Bxg6 dxc3 14. bxc3 Qf6 15. Bd3+ Kh8 16. Qe4 Qg7 17. cxb4 Qxa1+ 18. Kf2 f5 19. Qf3 Qg7 20. Ne2 Nd7 21. Rg1 Qh6 22. Rg5 Nf6 23. Bc3 Kh7 24. Bxf6 Qxf6 25. Ng3 Rg8 26. Qh5+ Qh6 27. Qf7+ Rg7 28. Nxf5 Rxf7 29. Nxh6+ Kxh6 30. Rg6+ Kh5 31. Rg5+ Kxh4 32. Be2 Bd7 33. Rh5# 1-0


[Site "https://www.chess.com"]

[Event "Titled Tuesday Blitz May 23 Early 2023"]
[White "Kirillov, Dmitry"]
[Black "Tologon tegin, Semetei"]
[WhiteFideId "34180572"]
[BlackFideId "13800574"]
[WhiteElo "2161"]
[BlackElo "2247"]
[Result "1/2-1/2"]
[Round "08"]
[TimeControl "180+2"]
[Date "2023.05.23"]
[WhiteClock "0:00:05"]
[BlackClock "0:00:18"]

1. e4 c5 2. Nc3 d6 3. f4 Nc6 4. Nf3 g6 5. Bc4 Bg7 6. O-O e6 7. d3 Nge7 8. Qe1 h6 9. Qh4 d5 10. Bb3 O-O 11. f5 exf5 12. exd5 Nd4 13. Bxh6 Nxb3 14. Bxg7 Kxg7 15. axb3 Nxd5 16. Nxd5 Qxd5 17. Rfe1 Be6 18. Re5 Qd6 19. Rae1 Rh8 20. Qg3 Rae8 21. Ng5 Bd7 22. Rxe8 Qxg3 23. hxg3 Rxe8 24. Rxe8 Bxe8 25. Kf2 Kf6 26. Nf3 Bc6 27. d4 Bxf3 28. gxf3 cxd4 29. f4 g5 30. Ke2 gxf4 31. gxf4 Ke6 32. Kd3 Kd5 33. b4 b5 34. c3 dxc3 35. bxc3 a6 36. Ke3 Kc4 37. Kd2 Kb3 38. Kd3 Kb2 39. Kd2 Kb3 40. Kd3 Kb2 41. Kd2 Ka3 42. Kd3 Ka4 43. Kd4 a5 44. bxa5 Kxa5 45. Ke5 Ka4 46. Kxf5 Kb3 47. Kf6 Kxc3 48. Kxf7 b4 49. f5 b3 50. f6 b2 51. Kg7 b1=Q 52. f7 Qg1+ 53. Kh7 Qh2+ 54. Kg7 Qg3+ 55. Kh7 Qh4+ 56. Kg7 Qg5+ 57. Kh7 Qh5+ 58. Kg7 Qe5+ 59. Kg8 Qe6 60. Kh8 Qh6+ 61. Kg8 Qg6+ 62. Kh8 Qh5+ 63. Kg8 Qg4+ 64. Kh7 Qh3+ 65. Kg8 Qg2+ 66. Kh7 Qb7 67. Kg8 Qb3 68. Kh8 Qb8+ 69. Kg7 Qa7 70. Kg8 Qa2 71. Kg7 Qg2+ 72. Kh8 Qh2+ 73. Kg7 Qg1+ 74. Kh8 Qh1+ 75. Kg8 Qg2+ 76. Kh8 Qh3+ 77. Kg7 Qg4+ 78. Kh7 Qf5+ 79. Kg7 Qd7 80. Kg8 Qd5 81. Kg7 Qb7 82. Kg8 Qb3 83. Kg7 Qb7 84. Kg8 1/2-1/2


[Site "https://www.chess.com"]

[Event "Titled Tuesday Blitz May 23 Early 2023"]
[White "Ginzburg, Yakov"]
[Black "Matveeva, Olga"]
[WhiteFideId "4157176"]
[BlackFideId "24107018"]
[WhiteElo "2305"]
[BlackElo "2009"]
[Result "0-1"]
[Round "08"]
[TimeControl "180+2"]
[Date "2023.05.23"]
[WhiteClock "0:00:47"]
[BlackClock "0:00:59"]

1. e4 e6 2. d4 d5 3. e5 c5 4. Qg4 cxd4 5. Bd3 Nc6 6. Nf3 Bd7 7. O-O h5 8. Qg3 Nh6 9. Bg5 Be7 10. Bxe7 Qxe7 11. Qxg7 O-O-O 12. h3 Rdg8 13. Qf6 Qxf6 14. exf6 e5 15. Bb5 Bxh3 16. Re1 Bxg2 17. Nxe5 Be4+ 18. Kf1 Nxe5 19. Nd2 Nf3 20. Nxf3 Bxf3 21. Re7 Ng4 22. Ke1 Nxf6 23. Rxf7 Rg1+ 24. Bf1 Bg2 25. Ke2 Bxf1+ 26. Kf3 Ne4 27. Kf4 h4 28. c4 h3 29. cxd5 h2 30. Rc1+ Kb8 31. Kxe4 h1=Q+ 32. Kxd4 Qh4+ 33. f4 Qf2+ 34. Ke4 Bd3+ 35. Kxd3 Rxc1 0-1


[Site "https://www.chess.com"]

[Event "Titled Tuesday Blitz May 23 Early 2023"]
[White "Ziatdinov, Raset"]
[Black "Ezat, Mohamed"]
[WhiteFideId "2015323"]
[BlackFideId "10600906"]
[WhiteElo "2220"]
[BlackElo "2386"]
[Result "0-1"]
[Round "08"]
[TimeControl "180+2"]
[Date "2023.05.23"]
[WhiteClock "0:01:10"]
[BlackClock "0:01:45"]

1. e4 e5 2. Nf3 Nc6 3. Bb5 Nge7 4. c3 a6 5. Ba4 g6 6. O-O Bg7 7. d4 exd4 8. cxd4 b5 9. Bc2 O-O 10. Nc3 d6 11. Re1 Bg4 12. Be3 Bxf3 13. gxf3 f5 14. Kh1 f4 15. Bc1 Nxd4 16. Bb1 Qd7 17. Kg2 g5 18. h3 Ng6 19. e5 Nh4+ 20. Kh1 Qxh3+ 0-1


[Site "https://www.chess.com"]

[Event "Titled Tuesday Blitz May 23 Early 2023"]
[White "LeoLV10"]
[Black "Arat, Ufuk Sezen"]
[BlackFideId "6309089"]
[WhiteElo "2404"]
[BlackElo "2289"]
[Result "0-1"]
[Round "08"]
[TimeControl "180+2"]
[Date "2023.05.23"]
[WhiteClock "0:00:26"]
[BlackClock "0:00:19"]

1. e4 c5 2. Nf3 e6 3. d4 cxd4 4. Nxd4 Nc6 5. Nxc6 bxc6 6. Bd3 d5 7. e5 Ne7 8. O-O Ng6 9. Re1 Bc5 10. c3 Qb6 11. Qe2 Bb7 12. b4 Be7 13. Be3 c5 14. bxc5 Bxc5 15. Bxc5 Qxc5 16. Nd2 O-O 17. Rac1 d4 18. Nb3 Qd5 19. f3 Nf4 20. Qe4 dxc3 21. Qxd5 Nxd5 22. Nc5 Bc6 23. Be4 Rac8 24. a3 Bb5 25. Nb3 Nf4 26. Nd4 Ba6 27. Kf2 Rfd8 28. Red1 Kf8 29. Nc6 Rxd1 30. Rxd1 c2 31. Rc1 Rxc6 32. Bxc6 Nd3+ 33. Ke3 Nxc1 34. Kd2 Ne2 35. Kxc2 Nd4+ 0-1


[Site "https://www.chess.com"]

[Event "Titled Tuesday Blitz May 23 Early 2023"]
[White "Staudenhocker43"]
[Black "Makhmudov, Shukhrat"]
[BlackFideId "14200775"]
[WhiteElo "2521"]
[BlackElo "2135"]
[Result "1-0"]
[Round "08"]
[TimeControl "180+2"]
[Date "2023.05.23"]
[WhiteClock "0:00:17"]
[BlackClock "0:00:00"]

1. Nf3 d5 2. e3 Nf6 3. b3 Bg4 4. Bb2 Nbd7 5. c4 c6 6. Be2 e5 7. Nxe5 Bxe2 8. Qxe2 Nxe5 9. Bxe5 Bd6 10. Bb2 O-O 11. O-O Re8 12. d3 h5 13. Bxf6 Qxf6 14. Nd2 h4 15. cxd5 cxd5 16. Qf3 Qe5 17. g3 Qc3 18. Rfd1 Bb4 19. Nf1 Rad8 20. Rac1 Qb2 21. Rc7 Rf8 22. Rxb7 Bc5 23. d4 Bb6 24. Rd2 Qc1 25. Re7 h3 26. Re5 Rd6 27. Rxd5 Rc6 28. Rh5 Rf6 29. Qg4 g6 30. Rxh3 Kg7 31. Qd1 Qc6 32. Rh4 Qd7 33. d5 Ba5 34. Rd3 Bd8 35. Rf4 1-0


[Site "https://www.chess.com"]

[Event "Titled Tuesday Blitz May 23 Early 2023"]
[White "Kopczynski, Michal"]
[Black "Lehtosaari, Mauri"]
[WhiteFideId "1124200"]
[BlackFideId "501999"]
[WhiteElo "2212"]
[BlackElo "2503"]
[Result "1/2-1/2"]
[Round "08"]
[TimeControl "180+2"]
[Date "2023.05.23"]
[WhiteClock "0:00:25"]
[BlackClock "0:00:18"]

1. e4 d5 2. e5 c5 3. f4 Nc6 4. Nf3 Bg4 5. Be2 e6 6. c3 Nge7 7. O-O Nf5 8. Na3 Be7 9. Nc2 Rc8 10. d3 a6 11. h3 Bxf3 12. Bxf3 h5 13. Bd2 h4 14. Be1 Qb6 15. Rb1 Qc7 16. a3 b5 17. b4 cxb4 18. axb4 Rh6 19. Ra1 Ra8 20. Bg4 g6 21. Bf2 Bd8 22. Bxf5 gxf5 23. Bc5 Qb7 24. Qe1 Bb6 25. d4 Ne7 26. Qf2 Ng6 27. Ne1 Bxc5 28. dxc5 Kd7 29. Nf3 Nxf4 30. Nd4 Nxh3+ 31. gxh3 Rg8+ 32. Kh2 Qc7 33. Qf4 Rhg6 34. Rg1 Rg3 35. Rxg3 Rxg3 36. c6+ Ke8 37. Rxa6 f6 38. Nxe6 Qxe5 39. Qxe5 fxe5 40. Ra8+ Ke7 41. c7 Rxc3 42. c8=Q Rxc8 43. Rxc8 Kxe6 44. Rb8 e4 45. Rxb5 Ke5 46. Rb8 d4 47. Rd8 d3 48. Kg2 f4 49. Kf2 d2 50. Rxd2 e3+ 51. Ke2 exd2 52. Kxd2 Kd4 53. Ke2 Kc4 54. Kf3 Kxb4 55. Kxf4 Kc5 56. Kg4 Kd6 57. Kxh4 Ke7 58. Kg5 Kf8 59. Kh6 Kg8 60. h4 Kh8 61. h5 Kg8 62. Kg6 Kh8 63. h6 Kg8 64. h7+ Kh8 65. Kh6 1/2-1/2


[Site "https://www.chess.com"]

[Event "Titled Tuesday Blitz May 23 Early 2023"]
[White "Reprintsev, Alexander"]
[Black "Goswami, Vedant"]
[WhiteFideId "14100541"]
[BlackFideId "5003725"]
[WhiteElo "2218"]
[BlackElo "2011"]
[Result "1-0"]
[Round "08"]
[TimeControl "180+2"]
[Date "2023.05.23"]
[WhiteClock "0:00:09"]
[BlackClock "0:00:00"]

1. e4 d6 2. d4 g6 3. Nc3 Bg7 4. h4 h6 5. f4 Nc6 6. d5 Nd4 7. Be3 c5 8. dxc6 Nxc6 9. h5 gxh5 10. Qxh5 Nf6 11. Qh4 Ng4 12. Bd2 Qb6 13. Bb5 a6 14. Nd5 Qd8 15. Be2 Nf6 16. Bc3 Be6 17. Nxf6+ Bxf6 18. Bxf6 exf6 19. Nf3 f5 20. exf5 Bxf5 21. O-O-O Qa5 22. Rhe1 Kf8 23. Qf6 Rh7 24. Qxd6+ Kg8 25. Ne5 Qxa2 26. Bc4 Qa1+ 27. Kd2 Qa5+ 28. b4 Qxb4+ 29. Qxb4 Nxb4 30. g4 Be6 31. Bxe6 fxe6 32. Kc3 a5 33. Kb3 Rc8 34. c3 Nd5 35. Rd3 Nxf4 36. Rf3 Nd5 37. Rg1 Rhc7 38. Rgg3 b5 39. g5 h5 40. g6 b4 41. c4 Nc3 42. Rg5 1-0


[Site "https://www.chess.com"]

[Event "Titled Tuesday Blitz May 23 Early 2023"]
[White "Devaev, Alexander"]
[Black "Rodriguez Santiago, Jaime"]
[WhiteFideId "4169395"]
[BlackFideId "3100898"]
[WhiteElo "2172"]
[BlackElo "2025"]
[Result "1-0"]
[Round "08"]
[TimeControl "180+2"]
[Date "2023.05.23"]
[WhiteClock "0:00:09"]
[BlackClock "0:00:14"]

1. Nf3 Nf6 2. c4 e6 3. Nc3 d5 4. d4 c5 5. cxd5 Nxd5 6. e3 Nc6 7. Bc4 cxd4 8. exd4 Nxc3 9. bxc3 Be7 10. O-O O-O 11. Bd3 Bf6 12. Qc2 h6 13. Qe2 Ne7 14. Qe4 Re8 15. Qh7+ Kf8 16. Ba3 g6 17. Qxh6+ Bg7 18. Qh4 Qa5 19. Bb4 Qh5 20. Qxh5 gxh5 21. Rab1 b6 22. Be4 Rb8 23. Bd6 Rb7 24. Bxb7 Bxb7 25. Ne5 Kg8 26. c4 Nf5 27. c5 Nxd4 28. Nc4 Bd5 29. Ne3 Be4 30. Rb4 Ne2+ 31. Kh1 Ba8 32. cxb6 axb6 33. f3 Bf6 34. Nc4 Rc8 35. Be5 Bxe5 36. Nxe5 Rc2 37. a4 Nc3 38. Rc4 h4 39. Rc8+ Kg7 40. Rxa8 Kf6 41. Ng4+ Kg5 42. Rc8 1-0


[Site "https://www.chess.com"]

[Event "Titled Tuesday Blitz May 23 Early 2023"]
[White "Belov, Alexei"]
[Black "Prieto Aranguren, Alain"]
[WhiteFideId "4128206"]
[BlackFideId "2268906"]
[WhiteElo "2496"]
[BlackElo "2209"]
[Result "1-0"]
[Round "08"]
[TimeControl "180+2"]
[Date "2023.05.23"]
[WhiteClock "0:00:46"]
[BlackClock "0:00:17"]

1. e4 c6 2. d4 d5 3. Nd2 dxe4 4. Nxe4 Nf6 5. Nxf6+ exf6 6. c3 Bd6 7. Bd3 O-O 8. Ne2 Nd7 9. Qc2 h5 10. Be3 Re8 11. O-O-O b5 12. d5 cxd5 13. Bxb5 Rb8 14. Rxd5 Qe7 15. Bxd7 Bxd7 16. Rhd1 Bc6 17. Rxd6 Be4 18. Qa4 Qb7 19. b3 Rec8 20. Kb2 Bxg2 21. Rd7 Qf3 22. Nf4 Bh1 23. R1d2 Qg4 24. Qa3 Be4 25. Qe7 Rf8 26. Qxe4 1-0


[Site "https://www.chess.com"]

[Event "Titled Tuesday Blitz May 23 Early 2023"]
[White "Wimalasuriya, Kasun M."]
[Black "Rodchenkov, Sergey D."]
[WhiteFideId "9906789"]
[BlackFideId "4168712"]
[WhiteElo "2305"]
[BlackElo "2277"]
[Result "0-1"]
[Round "08"]
[TimeControl "180+2"]
[Date "2023.05.23"]
[WhiteClock "0:02:12"]
[BlackClock "0:00:55"]

1. d4 d5 2. Nf3 Nf6 3. g3 Bg4 4. Ne5 Bf5 5. Bg2 Nbd7 6. O-O e6 7. c4 c6 8. Nc3 Be7 9. cxd5 exd5 10. Re1 O-O 11. Bf4 Nxe5 12. dxe5 Nd7 13. e4 dxe4 14. Bxe4 Be6 15. Qc2 g6 16. Rad1 Qa5 17. a3 Rad8 18. Bh6 Rfe8 19. f4 Qb6+ 20. Kg2 Nc5 21. Bf3 Rxd1 22. Rxd1 Bb3 23. Qc1 Bxd1 24. Bxd1 Rd8 25. b4 Nd3 26. Qc2 Ne1+ 0-1


[Site "https://www.chess.com"]

[Event "Titled Tuesday Blitz May 23 Early 2023"]
[White "Garakov, Mikhael"]
[Black "Kuchava, Ana"]
[WhiteFideId "4169034"]
[BlackFideId "13605348"]
[WhiteElo "2347"]
[BlackElo "2001"]
[Result "1-0"]
[Round "08"]
[TimeControl "180+2"]
[Date "2023.05.23"]
[WhiteClock "0:00:12"]
[BlackClock "0:00:00"]

1. e4 c5 2. Nf3 d6 3. d4 cxd4 4. Nxd4 Nf6 5. Nc3 Nc6 6. Bc4 e6 7. Be3 a6 8. Qe2 Qc7 9. O-O-O Na5 10. Bd3 Be7 11. f4 b5 12. f5 b4 13. Na4 Bd7 14. fxe6 fxe6 15. b3 Bxa4 16. bxa4 Qd7 17. Kb1 O-O 18. Bc4 Nxc4 19. Qxc4 d5 20. Qc6 Qxc6 21. Nxc6 Rfe8 22. Nxe7+ Rxe7 23. exd5 Nxd5 24. Bd4 Rc8 25. Rd3 Rec7 26. Rc1 Nf4 27. Re3 Nxg2 28. Rxe6 Nf4 29. Rxa6 Ne2 30. Bb2 Nxc1 31. Bxc1 Rxc2 32. Bb2 Rxh2 33. a3 Rcc2 34. Be5 1-0


[Site "https://www.chess.com"]

[Event "Titled Tuesday Blitz May 23 Early 2023"]
[White "Castellanos Gomez, Alejandro"]
[Black "Simonovic, Miroslav"]
[WhiteFideId "22284141"]
[BlackFideId "919152"]
[WhiteElo "2158"]
[BlackElo "2042"]
[Result "1-0"]
[Round "08"]
[TimeControl "180+2"]
[Date "2023.05.23"]
[WhiteClock "0:00:11"]
[BlackClock "0:00:28"]

1. d4 Nf6 2. Bf4 c5 3. e3 b6 4. Nd2 Bb7 5. Ngf3 g6 6. c3 Bg7 7. Be2 O-O 8. O-O d6 9. a4 Nbd7 10. a5 bxa5 11. Qa4 Nd5 12. Bg5 h6 13. Bh4 cxd4 14. Nxd4 g5 15. Bg3 Ne5 16. Qxa5 Nb6 17. h4 Qc8 18. hxg5 hxg5 19. Qa2 Bd5 20. Qb1 f5 21. Ra5 f4 22. exf4 gxf4 23. Bh4 Rf7 24. N2f3 Nec4 25. Rxd5 Nxd5 26. Ng5 Ne5 27. Qh7+ Kf8 28. Nde6+ Ke8 29. Bb5+ Nc6 30. Qg8+ Kd7 31. Qxf7 Bf6 32. Nh7 Qh8 33. Nhf8+ Rxf8 34. Nxf8+ Kc7 35. Ng6 Qh5 36. Bxf6 Nxf6 37. Bxc6 Kxc6 38. Qc4+ Kd7 39. Nxf4 Qg4 40. Qb5+ Kd8 41. Qa5+ Ke8 42. Nh3 Qe6 43. Qb5+ Kf7 44. Qd3 Kg7 45. Nf4 Qg4 46. Qg3 Qxg3 47. fxg3 Ng4 48. Re1 Ne3 49. Rxe3 e5 50. Rd3 Kf6 51. Nd5+ Kf5 52. Nc7 Ke4 53. Rxd6 Ke3 54. Re6 e4 55. g4 a5 56. g5 a4 57. g6 a3 58. bxa3 Kd3 59. g7 e3 60. Nd5 e2 61. Nf4+ Kd2 62. Rxe2+ Kxc3 63. g8=R Kc4 64. Rd8 Kb3 65. Re7 Ka2 66. a4 Kb3 67. a5 Kb4 68. a6 Kc5 69. a7 Kb6 70. a8=R Kc5 71. Rac8+ Kb5 72. Rb7+ Ka4 73. Rcc7 Ka3 74. Rd3+ 1-0


[Site "https://www.chess.com"]

[Event "Titled Tuesday Blitz May 23 Early 2023"]
[White "Bilan, Danila"]
[Black "Ciuffoletti, Paolo"]
[WhiteFideId "24161918"]
[BlackFideId "807630"]
[WhiteElo "2182"]
[BlackElo "2143"]
[Result "1-0"]
[Round "08"]
[TimeControl "180+2"]
[Date "2023.05.23"]
[WhiteClock "0:00:05"]
[BlackClock "0:00:00"]

1. d4 d5 2. Nf3 Nf6 3. c4 c6 4. Nc3 dxc4 5. a4 e6 6. e3 c5 7. Bxc4 Nc6 8. O-O cxd4 9. exd4 Be7 10. Bf4 O-O 11. Ne5 Nb4 12. Rc1 Bd7 13. Nxd7 Qxd7 14. Bb5 Nc6 15. Ne2 Rac8 16. Qd3 a6 17. Bc4 Rfd8 18. Rfd1 Nd5 19. Bg3 Bf6 20. h3 Nde7 21. d5 exd5 22. Nc3 Bxc3 23. bxc3 Qe6 24. Bb3 Ne5 25. Qe2 N5g6 26. Qf3 Qb6 27. c4 d4 28. c5 Qb4 29. Bxf7+ Kh8 30. Be6 Rc6 31. Rb1 Qxa4 32. Bd6 Ng8 33. Rxb7 1-0


[Site "https://www.chess.com"]

[Event "Titled Tuesday Blitz May 23 Early 2023"]
[White "Artemenko, Oleg"]
[Black "DIM90"]
[WhiteFideId "14201798"]
[WhiteElo "2287"]
[BlackElo "2268"]
[Result "0-1"]
[Round "08"]
[TimeControl "180+2"]
[Date "2023.05.23"]
[WhiteClock "0:00:07"]
[BlackClock "0:00:10"]

1. d4 e5 2. dxe5 Nc6 3. Nf3 Qe7 4. e4 Nxe5 5. Nc3 Nf6 6. Bf4 d6 7. Nxe5 dxe5 8. Bg5 c6 9. Qd2 Qc7 10. O-O-O Be6 11. f4 exf4 12. Bxf4 Qa5 13. Kb1 Bb4 14. a3 Bxc3 15. Qxc3 Qxc3 16. bxc3 Nxe4 17. Kb2 Nf2 18. Be2 Nxh1 19. Rxh1 O-O-O 20. a4 Rhe8 21. Bd3 Bd5 22. Rd1 g6 23. Rb1 Bxg2 24. Ka3 f5 25. a5 Be4 26. Bc4 Bxc2 27. Rb2 Re4 28. Bg5 Rxc4 29. Bxd8 Rxc3+ 30. Kb4 Rb3+ 31. Rxb3 Bxb3 32. Bg5 Bg8 33. Be3 b6 34. axb6 axb6 35. Bxb6 Kd7 36. Kc5 Bd5 37. Kd4 g5 38. Ke5 Be4 39. Be3 g4 40. Bc5 h5 41. Bf2 Kc7 42. Kd4 Kd6 43. Bg3+ Ke6 44. Bh4 Bd5 45. Bg5 Kf7 46. Ke5 Kg6 47. Be7 Bh1 48. Kf4 Kf7 49. Ba3 Ke6 50. Kg5 Ke5 51. Bc1 Bf3 52. Bf4+ Ke4 53. Bd6 Kd5 54. Bg3 Ke4 55. Bf2 f4 56. Kh4 Kf5 57. Bc5 Kg6 58. Bf2 Bd5 59. h3 g3 60. Bg1 Bf7 61. Bh2 Kf5 62. Bg1 Ke4 63. Bc5 Kf3 64. Kg5 g2 65. Kh4 Ke2 66. Kg5 f3 67. Kf4 f2 0-1


[Site "https://www.chess.com"]

[Event "Titled Tuesday Blitz May 23 Early 2023"]
[White "Golubev, Mikhail"]
[Black "Arabidze, Meri"]
[WhiteFideId "14100983"]
[BlackFideId "13604040"]
[WhiteElo "2374"]
[BlackElo "2405"]
[Result "1-0"]
[Round "08"]
[TimeControl "180+2"]
[Date "2023.05.23"]
[WhiteClock "0:00:06"]
[BlackClock "0:00:04"]

1. e4 c5 2. Nf3 e6 3. d4 cxd4 4. Nxd4 Nc6 5. Nc3 a6 6. Be3 Qc7 7. Bd3 Nf6 8. O-O Nxd4 9. Bxd4 Bc5 10. Be2 e5 11. Be3 h6 12. Qd3 O-O 13. Rad1 b6 14. Bxc5 Qxc5 15. Qd6 Bb7 16. Qxc5 bxc5 17. f3 Bc6 18. b3 Rfe8 19. a4 Kf8 20. Rd2 Ke7 21. Rfd1 Red8 22. a5 Ne8 23. Bc4 Nc7 24. Rd6 Nb5 25. Bxb5 axb5 26. b4 cxb4 27. Na2 Rxa5 28. Nxb4 Rc8 29. Nxc6+ dxc6 30. Rd7+ Ke8 31. Rb7 Rd8 32. Rxd8+ Kxd8 33. Rxf7 Ra2 34. c3 Rc2 35. Rxg7 Rxc3 36. Kf2 b4 37. Rb7 c5 38. g4 Kc8 39. Rb5 Kc7 40. h4 Kc6 41. Rb8 b3 42. g5 hxg5 43. hxg5 Rc2+ 44. Kg3 b2 45. g6 Kc7 46. g7 Kxb8 47. g8=Q+ Kc7 48. Qf7+ Kc8 49. Qe6+ Kd8 50. Qb6+ Kc8 51. Qa6+ Kc7 52. Qa5+ Kc8 53. Qa6+ Kc7 54. Qa5+ Kd7 55. Qb5+ Kd6 56. Qb6+ Ke7 57. Kg4 c4 58. Kf5 c3 59. Qb7+ Kd8 60. Ke6 Rd2 61. Qb8# 1-0


[Site "https://www.chess.com"]

[Event "Titled Tuesday Blitz May 23 Early 2023"]
[White "Ambartsumova, Karina"]
[Black "Gatterer, Florian"]
[WhiteFideId "4166299"]
[BlackFideId "811688"]
[WhiteElo "2240"]
[BlackElo "2221"]
[Result "1-0"]
[Round "08"]
[TimeControl "180+2"]
[Date "2023.05.23"]
[WhiteClock "0:00:07"]
[BlackClock "0:00:00"]

1. e4 c6 2. Ne2 d5 3. e5 d4 4. c3 c5 5. b4 Qd5 6. bxc5 dxc3 7. Nbxc3 Qxe5 8. d4 Qc7 9. Nd5 Qd8 10. Nec3 e6 11. Nf4 Nc6 12. Be3 Qa5 13. Qd2 Nf6 14. Be2 Be7 15. O-O O-O 16. Rfd1 Bd7 17. Rab1 Qc7 18. Nd3 Nd5 19. Nxd5 exd5 20. Bf4 Qc8 21. Bf3 Nxd4 22. Bxd5 Bc6 23. Bxc6 Nxc6 24. Qb2 b6 25. cxb6 axb6 26. Qxb6 Rxa2 27. Rbc1 Ra6 28. Qb5 Qa8 29. Nc5 Ra5 30. Qb6 Bxc5 31. Rxc5 Rxc5 32. Qxc5 Rc8 33. h3 Na5 34. Qe7 Nc6 35. Qg5 h6 36. Qg3 Kh8 37. Rd7 Qa1+ 38. Kh2 Qf6 39. Rd6 Qe7 40. Bxh6 g6 41. Bg5 Qe4 42. Bf6+ Kg8 43. Rxc6 1-0


[Site "https://www.chess.com"]